 Dungeon Crawl Stone Soup version 0.19-a0-659-g8260ecf (webtiles) character file.

44 Duffy the Magician (level 3, 24/24 HPs)
             Began as a Formicid Wizard on June 15, 2016.
             Quit the game on level 2 of the Dungeon.
             The game lasted 00:03:45 (1695 turns).

Duffy the Magician (Formicid Wizard)                Turns: 1695, Time: 00:03:46

Health: 24/24      AC:  2    Str: 11    XL:     3   Next: 85%
Magic:  8/8        EV: 12    Int: 17    God:
Gold:   46         SH:  0    Dex: 10    Spells: 4 memorised, 1 level left

rFire  . . .     SeeInvis +     g - +0 dagger
rCold  . . .     Gourm    .     a - +0 robe
rNeg   . . .     Faith    +     (no shield)
rPois  .         Spirit   .     (helmet unavailable)
rElec  .         Dismiss  .     (no cloak)
rCorr  .         Reflect  .     (no gloves)
SustAt .         Harm     .     (no boots)
MR     .....                    j - amulet of faith
Stlth  ++........               (no ring)
                                (no ring)

@: repel missiles, not resistant to hostile enchantments, unstealthy
A: permanent stasis, dig shafts and tunnels, four strong arms, antennae 3
a: Dig, Shaft Self


You were on level 2 of the Dungeon.
You were not hungry.

You visited 1 branch of the dungeon, and saw 2 of its levels.

You collected 46 gold pieces.


Innate Abilities, Weirdness & Mutations

You are under a permanent stasis effect.
You can dig through walls and to a lower floor.
Your four strong arms can wield two-handed weapons with a shield.
You have a pair of large antennae on your head. (SInv)


   Skills:
 - Level 1.7 Dodging
 - Level 2.4 Stealth
 + Level 3.5 Spellcasting
 + Level 2.7 Conjurations
 - Level 1.0 Summonings
   Level 0.8 Translocations


You had one spell level left.
You knew the following spells:

 Your Spells              Type           Power        Failure   Level  Hunger
a - Magic Dart            Conj           ##..         6%          1    None
i - Call Imp              Summ           #.......     21%         2    ##.....
l - Conjure Flame         Conj/Fire      #.......     30%         3    ###....
m - Repel Missiles        Chrm/Air       #.....       30%         2    ##.....

Inventory:

Hand Weapons
 g - a +0 dagger (weapon)
Armour
 a - a +0 robe (worn)
Jewellery
 j - an amulet of faith (around neck)
Scrolls
 d - a scroll of identify {unknown}
 i - a scroll of blinking {unknown}
 m - a scroll of fog {unknown}
Potions
 e - 2 potions of brilliance {unknown}
 k - a potion of mutation {unknown}
 l - a potion of resistance {unknown}
Books
 b - a book of Minor Magic
Comestibles
 c - 3 bread rations
 f - 2 meat rations
 h - 3 fruits

Dungeon Overview and Level Annotations

Branches:
Dungeon (2/15)

Altars:


Message History

Cast which spell? (? or * to list)
Aiming: Magic Dart
Press: ? - help, Shift-Dir - straight line, f/p - giant gecko
Aim: a giant gecko (almost dead, clinging)
The magic dart hits the giant gecko.
You kill the giant gecko!
Cast which spell? (? or * to list)
You can't see any susceptible monsters within range! (Use Z to cast anyway.)
You sense a monster nearby.
A rat comes into view.
A quokka comes into view.
Cast which spell? (? or * to list)
Aiming: Magic Dart
Press: ? - help, Shift-Dir - straight line, f - quokka
Aim: a quokka (hasn't noticed you)
The magic dart hits the quokka.
Cast which spell? (? or * to list)
Aiming: Magic Dart
Press: ? - help, Shift-Dir - straight line, f/p - quokka
Aim: a quokka The magic dart hits the quokka.
The quokka is heavily wounded.
The quokka bites you.
Cast which spell? (? or * to list)
Aiming: Magic Dart
Press: ? - help, Shift-Dir - straight line, f/p - quokka
Aim: a quokka (heavily wounded)
The magic dart hits the quokka.
The quokka is almost dead.
The quokka barely misses you. The quokka misses you.
Cast which spell? (? or * to list)
You don't have enough magic to cast that spell.
Cast which spell? (? or * to list)
You don't have enough magic to cast that spell.
Cast which spell? (? or * to list)
You don't have enough magic to cast that spell.
You hit the quokka.
You kill the quokka!
You hit the rat.
The rat is heavily wounded.
The rat barely misses you.
You hit the rat.
You kill the rat!
HP restored.
A kobold comes into view. It is wielding a dagger.
The kobold moves out of view.
Save game and exit?
Welcome back, Duffy the Formicid Wizard.
Press ? for a list of commands and other information.
Are you sure you want to abandon this character and quit the game? (Confirm with "yes".)

..........# #.........#..
.....<....##
######.##....
...........######
#.......
.....#..........#
#.###...
....#...#..###.###.......
### #...##............##.
#....#...............
#....#...............
#...@#...........#...
#.............#......
#..####.......#........
##. #............... #.
....####......# #....#
........ ....# .....
..... ...# ...#


There were no monsters in sight!

Action                   || total
-------------------------++-------
Melee: Dagger            ||     5
 Cast: Magic Dart        ||    76
       Call Imp          ||     2
       Repel Missiles    ||     2
  Eat: Chunk             ||     2
Dodge: Dodged            ||     7
       Deflected         ||     2

Notes
Turn   | Place    | Note
--------------------------------------------------------------
     0 | D:1      | Duffy the Formicid Wizard began the quest for the Orb.
     0 | D:1      | Reached XP level 1. HP: 13/13 MP: 4/4
    20 | D:1      | Reached skill level 1 in Conjurations
   170 | D:1      | Reached XP level 2. HP: 19/19 MP: 3/6
   174 | D:1      | Learned a level 2 spell: Repel Missiles
   177 | D:1      | Learned a level 2 spell: Call Imp
   366 | D:1      | Reached skill level 2 in Conjurations
   845 | D:1      | Reached XP level 3. HP: 21/24 MP: 0/7
   963 | D:1      | Learned a level 3 spell: Conjure Flame
  1695 | D:2      | Quit the game

Skill      XL: |  1  2 |
---------------+-------+-----
Conjurations   | 1 2 |  2.7
Dodging        | |  1.7
Stealth        | |  2.4
Spellcasting   | |  3.5
Summonings     | |  1.0
Translocations | |  0.8

Vault maps used:
D:1:      dpeg_arrival_pond, serial_curves, eino_curves_04, eino_curves_03,
          serial_park_tiny_pond
D:2:      first_bread, nicolae_ru_path_of_blood

Vanquished Creatures
  A gnoll
  An ooze
  2 dart slugs
  2 giant geckos
  2 giant cockroaches
  3 goblins
  2 hobgoblins
  2 jackals
  2 quokkas
  A bat
  3 kobolds
  6 rats
27 creatures vanquished.
